Construct Infanterie Kompanie
Selects Mechanized Battlegroup
Selects Mechanized Battlegroup
Infanterie Officer Quarters
Selects StuG Assault Group
Selects 8 Rad Armored Car
Construct Panzergrenadier Kompanie
Pak 40 Anti-tank Gun Team
Selects Wespe Self-propelled Artillery
Wespe Self-propelled Artillery
Panzergrenadier Officer Quarters
Construct Panzer Kompanie
Pak 40 Anti-tank Gun Team
Selects Zeroing Artillery Barrage
Selects Panther Heavy Tank
Selects Zeroing Artillery Barrage
Pak 40 Anti-tank Gun Team